AoeStats
← Wilypf

Arabia

510422596Analyzed
2v2 RM · 24h ago on Sep 30, 2026· 46m 23s· 4 players
Game mode
Random Map
Map size
Medium (4 player)
Population
200
Speed
Normal
Resources
Standard
Victory
Conquest
Starting age
Dark Age
Ending age
Imperial Age
RankedLock teamsTeams togetherTeam positionsShared explorationLock speedFull tech treeHidden civsTurbo modeCheats
Victory
Defeat
🇪🇨 Mongols · Ecuador
771
+13
🇲🇽 Persians · Mexico
758
+14
🇩🇪 Burgundians · Germany
733
-14
🇨🇴 Bulgarians · Colombia
698
-13
Kuzmikdepo
2:23 Loom
5:03 Loom
7:23 Double-Bit Axe
13:52 Feudal Age
13:45 Horse Collar
14:55 Town Watch
15:24 Bow Saw
17:11 Stone Mining
19:14 Stone Shaft Mining
19:26 Gold Mining
21:19 Gold Shaft Mining
24:59 Castle Age
25:10 Wheelbarrow
25:08 Cavalier
25:50 Husbandry
27:46 Treadmill Crane
30:42 Two-Man Saw
33:30 Burgundian Vineyards
43:38 Imperial Age
45:31 Chemistry
44:54 Ballistics
fabianfun
0:43 Loom
11:55 Feudal Age
13:23 Wheelbarrow
12:37 Double-Bit Axe
26:57 Castle Age
25:00 Scale Mail Armor
25:11 Forging
25:02 Padded Archer Armor
27:23 Pikeman
29:01 Squires
28:47 Arson
29:44 Iron Casting
29:01 Fletching
32:06 Hand Cart
35:08 Gambesons
37:20 Chain Mail Armor
37:02 Bodkin Arrow
38:07 Bow Saw
40:36 Caravan
robertok1904
7:33 Loom
10:58 Feudal Age
11:30 Double-Bit Axe
19:20 Castle Age
20:27 Forging
22:17 Bow Saw
23:02 Horse Collar
23:54 Scale Barding Armor
24:37 Bloodlines
27:13 Wheelbarrow
27:34 Chain Barding Armor
29:43 Iron Casting
29:33 Hand Cart
30:13 Stone Mining
30:13 Gold Mining
32:30 Gold Shaft Mining
36:57 Kamandaran
37:52 Stone Shaft Mining
37:46 Heavy Plow
37:41 Crossbowman
39:19 Ballistics
41:36 Thumb Ring
42:00 Fletching
45:26 Imperial Age
Wilypf
7:34 Loom
11:18 Feudal Age
11:31 Feudal Age
14:42 Double-Bit Axe
17:21 Castle Age
15:53 Fletching
16:48 Scale Barding Armor
18:13 Town Watch
20:51 Gold Mining
24:44 Thumb Ring
30:42 Wheelbarrow
33:05 Stone Mining
35:51 Town Patrol
42:55 Imperial Age
40:43 Hand Cart
40:47 Horse Collar
42:22 Bodkin Arrow
43:12 Gold Shaft Mining
43:13 Elite Skirmisher
44:30 Heavy Plow
45:21 Conscription
45:58 Elite Mangudai
Connection lost

Rejoining the realm…

Still unreachable

The connection could not be restored.

Session expired

The server has moved on; the page needs a fresh start.